 Dungeon Sprint DCSS version 0.30.1-9-gdf580d7c3d (webtiles) character file.

Game seed: 14540537709007886191

83 Heoruswealwe the Poker (level 4, -3/44 HPs)
             Began as a Minotaur Fighter on Oct 23, 2023.
             Slain by a hound (4 damage)
             ... in the Dungeon (Sprint IX: "|||||||||||||||||||||||||||||").
             The game lasted 00:00:45 (41 turns).

Heoruswealwe the Poker (Minotaur Fighter)             Turns: 41, Time: 00:00:45

Health: -3/44      AC:  7    Str: 22    XL:     4   Next: 22%
Magic:  3/3        EV:  9    Int:  5    God:
Gold:   0          SH:  4    Dex: 10    Spells: 3/3 levels left

rFire   . . .        a - +0 trident
rCold   . . .        d - +0 buckler
rNeg    . . .        c - +0 scale mail
rPois   .            (helmet restricted)
rElec   .            (no cloak)
rCorr   .            (no gloves)
SInv    .            (no boots)
Will    .....        (no amulet) Stlth
                     (no ring)
HPRegen 0.27/turn    (no ring)
MPRegen 0.08/turn

%: no teleportation
@: no status effects
A: horns 2, retaliatory headbutt
a: no special abilities


You were in the Dungeon.
You visited 1 branch

Inventory:

Hand Weapons
 a - a +0 trident (weapon)
Armour
 c - a +0 scale mail (worn)
 d - a +0 buckler (worn)
Scrolls
 j - a scroll of blinking
Potions
 b - a potion of might
 e - a potion of curing
 g - a potion of haste
 i - a potion of berserk rage


   Skills:
 + Level 6.1 Fighting
 * Level 7.4 Polearms
 + Level 6.1 Armour
 - Level 3.6 Shields


You had 3 spell levels left.
You didn't know any spells.
Your spell library was empty.

Dungeon Overview and Level Annotations

Branches:
Dungeon (1/1)

Altars:


Innate Abilities, Weirdness & Mutations

You have a pair of horns on your head.
You reflexively headbutt those who attack you in melee.


Message History

The iguana is almost dead.
The iguana closely misses you.
You hit the iguana but do no damage. You headbutt the iguana.
You kill the iguana!
Your Polearms skill increases to level 6!
You closely miss the iguana. You block the iguana's attack.
You barely miss the iguana. The iguana completely misses you.
You hit the iguana.
The iguana is lightly wounded.
The iguana bites you.
* * * LOW HITPOINT WARNING * * *
You closely miss the iguana.
You headbutt the iguana, but do no damage.
The iguana is lightly wounded.
The iguana barely misses you.
You hit the iguana. Your headbutt misses the iguana.
The iguana is moderately wounded.
You block the iguana's attack.
You puncture the iguana!
The iguana is severely wounded.
The iguana bites you but does no damage.
You hit the iguana but do no damage.
The iguana is severely wounded.
The iguana bites you!
* * * LOW HITPOINT WARNING * * *
You barely miss the iguana. You headbutt the iguana.
You kill the iguana!
You block the hound's attack.
Your Fighting skill increases to level 6!
Your Polearms skill increases to level 7!
Your Armour skill increases to level 6!
You have reached level 4!
You feel agile.
You closely miss the hound. The hound bites you but does no damage.
You completely miss the hound. You headbutt the hound!
The hound is severely wounded.
The hound bites you.
* * * LOW HITPOINT WARNING * * *
The hound bites you.
You die... ▓▓▓▓▓▓▓▓▓▓▓▓▓▓▓▓▓▓ ▓<.!.')...@h5....+ ▓▓▓▓▓▓▓▓▓▓▓▓▓▓▓▓▓▓

You could see a hound and a white imp.

Vanquished Creatures
  3 iguanas (D)
  A hobgoblin (D)
  A bat (D)
  A frilled lizard (D)
  A kobold (D)
  A rat (D)
8 creatures vanquished.

Notes
Turn   | Place    | Note
-------+----------+-------------------------------------------
     0 | D        | Heoruswealwe the Minotaur Fighter began the quest for the
                  | Orb.
     0 | D        | Reached XP level 1. HP: 19/19 MP: 0/0
     9 | D        | Reached skill level 3 in Polearms
    18 | D        | Noticed an iguana
    18 | D        | Noticed an iguana
    18 | D        | Noticed an iguana
    18 | D        | Noticed a hound
    24 | D        | Killed an iguana
    25 | D        | Reached skill level 5 in Fighting
    25 | D        | Reached skill level 5 in Polearms
    25 | D        | Reached skill level 5 in Armour
    25 | D        | Reached XP level 2. HP: 17/29 MP: 1/1
    25 | D        | Reached XP level 3. HP: 22/36 MP: 2/2
    32 | D        | Reached skill level 6 in Polearms
    40 | D        | Reached skill level 7 in Polearms
    40 | D        | Reached XP level 4. HP: 5/44 MP: 3/3
    41 | D        | HP: 1/44 [hound (4)]
    41 | D        | Slain by a hound

Illustrated notes

Levels and vault maps discovered:
D:        linesprint [early_d, line_temple, items_1, d_10, items_2, lair_1,
          lair_end, items_3, orc_1, orc_end, items_4, d_15, swamp_1, shoals_1,
          snake_1, spider_1, d_20, vaults_1, items_5, swamp_end, shoals_end,
          snake_end, spider_end, vaults_end, d_27, items_6, zot_1, zot_end,
          crypt_end, forest_end, elf_end, slime_end, tomb_end, abyss_end,
          pan_hell_end]

Skill      XL: |  1  2  3 |
---------------+----------+-----
Polearms       | 5 7 |  7.4
Fighting       | 5 6 |  6.1
Armour         | 5 6 |  6.1
Shields        | |  3.6

Action                     |  1- 3 |  4- 6 || total
---------------------------+-------+-------++-------
  Melee: Trident           |    27 |     2 ||    29
         Headbutt          |     7 |     1 ||     8
    Use: Potion            |     1 |       ||     1
 Armour: Scale mail        |     8 |     1 ||     9
  Dodge: Dodged            |     5 |       ||     5
  Block: Buckler           |     3 |       ||     3
